 Dungeon Crawl Stone Soup version 0.31-a0-202-g547052bce9 (webtiles) character file.

Game seed: 13426899204839049698

49 qw the Shooter (level 3, 0/20 HPs)
             Began as a Deep Elf Hunter on June 26, 2023.
             Succumbed to an orc wizard's poison
             ... on level 2 of the Dungeon.
             The game lasted 00:00:24 (1071 turns).

qw the Shooter (Deep Elf Hunter)                    Turns: 1071, Time: 00:00:24

Health: 0/20       AC:  4    Str: 10    XL:     3   Next: 51%
Magic:  5/5        EV: 12    Int: 13    God:
Gold:   80         SH:  0    Dex: 18    Spells: 2/2 levels left

rFire   . . .        Y - +0 shortbow
rCold   . . .        (shield currently unavailable)
rNeg    . . .        c - +0 leather armour
rPois   .            (no helmet)
rElec   .            (no cloak)
rCorr   .            g - +0 pair of gloves
SInv    .            (no boots)
Will    .....        (no amulet)
Stlth   ++           (no ring)
HPRegen 0.23/turn    (no ring)
MPRegen 0.09/turn

%: no passive effects
@: lethally poisoned (0 -> -3)
A: no striking features
a: no special abilities


You were on level 2 of the Dungeon.
You visited 1 branch of the dungeon, and saw 3 of its levels.

You collected 80 gold pieces.


   Skills:
 - Level 1.5 Fighting
 + Level 7.0 Ranged Weapons
 - Level 2.4 Dodging
 - Level 1.2 Stealth


You had 2 spell levels left.
You didn't know any spells.
Your spell library was empty.

Inventory:

Hand Weapons
 Y - a +0 shortbow (weapon)
Armour
 c - a +0 leather armour (worn)
 g - a +0 pair of gloves (worn)
Scrolls
 a - a scroll of identify
Potions
 b - a potion of mutation {unknown}
 d - a potion of magic {unknown}
 h - a potion of resistance {unknown}
 i - a potion of might {unknown}

Dungeon Overview and Level Annotations

Branches:
Dungeon (3/15)

Altars:


Message History

The orc closely misses you. The orc wizard completely misses you.
The orc hits you with a +0 dagger.
You climb upwards.
There is a stone staircase leading down here.
Enter note:
Enter note:
Enter note:
Enter note:
Enter note:
Enter note:
Enter note:
Enter note:
Enter note: You shoot an arrow.
The arrow hits the orc wizard.
The orc wizard is moderately wounded.
The orc hits you but does no damage. x2; The orc wizard closely misses you.
You shoot an arrow.
The arrow closely misses the orc wizard.
The orc hits you with a +0 dagger. The orc hits you but does no damage.
The orc wizard hits you but does no damage.
You are poisoned.
You shoot an arrow. The arrow barely misses the orc wizard.
You feel very sick. The orc hits you with a +0 dagger.
The orc closely misses you. The orc wizard closely misses you.
You shoot an arrow. The arrow hits the orc wizard.
The orc wizard is moderately wounded.
You feel very sick. The orc closely misses you.
The orc hits you but does no damage.
The orc wizard hits you but does no damage.
You shoot an arrow.
The arrow closely misses the orc wizard.
You feel sick. The orc hits you but does no damage. x2
The orc wizard hits you with a +2 dagger of venom.
You shoot an arrow.
The arrow closely misses the orc wizard.
You feel sick.
The orc closely misses you. x2; The orc wizard misses you.
You shoot an arrow. The arrow hits the orc wizard!
The orc wizard is severely wounded.
You die...

######### ########
#.......#########.......
#.......'.......'.......
#.......###.....#.......
#######.# #.....###.####
########.# #.....# #.#
#........###.....# #.#
#......o.o.'.....# #.#
#.......@###.....# #.####
######.#o# #.#+#####..... #.#.#
#...#.....[##.
#.#.#####.#......##.
#.#...###.#......##.
#.##......#.........
########.##.....######+####
#####........##.%...######.####
#.....#########.##.............


You could see an orc wizard and 2 orcs.

Vanquished Creatures
  An adder (D:2)
  A dart slug (D:2)
  An endoplasm (D:1)
  5 giant cockroaches
  2 goblins (D:1)
  7 hobgoblins
  2 kobolds (D:1)
  2 quokkas (D:2)
  2 ball pythons
  3 bats (D:1)
  5 frilled lizards
  3 rats
34 creatures vanquished.

Notes
Turn   | Place    | Note
-------+----------+-------------------------------------------
     0 | D:1      | qw the Deep Elf Hunter began the quest for the Orb.
     0 | D:1      | Reached XP level 1. HP: 12/12 MP: 3/3
     0 | D:1      | 0 ||| qw: Version: 0.3-a-22-g0ed2b0b
     0 | D:1      | 0 ||| qw: Game counter: 6173
     0 | D:1      | 0 ||| qw: Melee chars always use a shield: true
     0 | D:1      | 0 ||| qw: God list: Okawaru
     0 | D:1      | 0 ||| qw: Allow faded altars: false
     0 | D:1      | 0 ||| qw: Do Orc after clearing Dungeon:15 true
     0 | D:1      | 0 ||| qw: Do second Lair branch before Depths: true
     0 | D:1      | 0 ||| qw: Lair rune preference: random
     0 | D:1      | 0 ||| qw: Goals: Normal
     0 | D:1      | 0 ||| PLANNING D:1-11
    62 | D:1      | Reached XP level 2. HP: 12/16 MP: 4/4
    91 | D:1      | Reached skill level 6 in Ranged Weapons
   517 | D:1      | 517 ||| UPGRADING to +0 pair of gloves.
   522 | D:1      | 522 ||| READING scroll labelled RAENIY WASCH.
   523 | D:1      | 523 ||| READING scroll labelled CALLAP TULUFF.
   524 | D:1      | 524 ||| READING scroll labelled YXTEVEREOZ.
   525 | D:1      | 525 ||| READING scroll labelled DOTUDUOCKE.
   526 | D:1      | 526 ||| DROPPING scroll of butterflies.
   590 | D:2      | Reached XP level 3. HP: 20/20 MP: 5/5
   719 | D:2      | Reached skill level 7 in Ranged Weapons
  1040 | D:2      | 1040 ||| READING scroll labelled ZAKHAD ZAZEG.
  1041 | D:2      | 1041 ||| READING scroll labelled JASMY FIURGHYTEY.
  1060 | D:3      | Found a faded altar of an unknown god.
  1063 | D:3      | 1063 ||| STAIRDANCE
  1069 | D:2      | HP: 2/20 [orc wizard/+2 dagger of venom (4)]
  1071 | D:2      | Succumbed to an orc wizard's poison

Levels and vault maps discovered:
D:1:      minmay_arrival_up_and_down, layout_basic
D:2:      layout_basic
D:3:      layout_rooms, gammafunk_ghost_gnarly_gnolls,
          chequers_ecumenical_altar_simple

Skill      XL: |  1  2  3 |
---------------+----------+-----
Ranged Weapons | 6 7 |  7.0
Fighting       | |  1.5
Dodging        | |  2.4
Stealth        | |  1.2

Action                     || total
---------------------------++-------
   Fire: Shortbow          ||    78
    Use: Scroll            ||     6
 Armour: Leather armour    ||    11
  Dodge: Dodged            ||    20

Table legend:
 A = Non-vault XP
 B = Vault XP
 C = Vault XP percentage of total XP
 D = Non-vault monster count
 E = Vault monster count
 F = Vault count percentage of total count
                 A         B        C        D         E       F
            +---------+---------+-------+---------+---------+-------
      Total |      70 |       0 |   0.0 |      34 |       0 |   0.0
            +---------+---------+-------+---------+---------+-------
        D:1 |      35 |       0 |   0.0 |      21 |       0 |   0.0
        D:2 |      35 |       0 |   0.0 |      13 |       0 |   0.0
            +---------+---------+-------+---------+---------+-------
